 Dungeon Crawl Stone Soup version 0.19-a0-1079-g88a7474 (webtiles) character file.

19932 hairmachine the Blocker (level 12, -1/122 HPs)
             Began as a Troll Hunter on Aug 6, 2016.
             Was the Champion of Hepliaklqana.
             Slain by Kirke (4 damage)
             ... on level 5 of the Lair of Beasts.
             The game lasted 00:48:13 (12653 turns).

hairmachine the Blocker (Troll Hunter)             Turns: 12653, Time: 00:48:14

Health: -1/122     AC:  8    Str: 23    XL:     12   Next: 40%
Magic:  11/11      EV: 11    Int:  7    God:    Hepliaklqana [******]
Gold:   739        SH: 13    Dex: 14    Spells: 0 memorised, 11 levels left

rFire  + . .     SeeInvis .       - Unarmed
rCold  . . .     Gourm    +     P - +0 troll leather armour
rNeg   + . .     Faith    .     z - +0 shield {rF+}
rPois  .         Spirit   .     J - +0 hat
rElec  .         Dismiss  .     (no cloak)
rCorr  .         Reflect  .     (gloves unavailable)
SustAt .         Harm     .     (boots unavailable)
MR     .....                    w - amulet of rage
Stlth  +.........               U - +1 ring of protection
                                L - ring of positive energy

@: about to teleport
A: unfitting armour, claws 3, fast metabolism 3, gourmand, regeneration 2,
shaggy fur 1, tough skin 2
a: Recall Ancestor, Ancestor Identity, Transference, Idealise, Renounce
Religion, Evoke Berserk Rage


You were on level 5 of the Lair of Beasts.
You worshipped Hepliaklqana.
Hepliaklqana was exalted by your worship.
You were completely stuffed.

You visited 2 branches of the dungeon, and saw 16 of its levels.
You also visited: Sewer.

You collected 739 gold pieces.

Inventory:

Hand Weapons
 o - a +1 morningstar
Missiles
 d - 3 throwing nets
 l - 3 tomahawks of returning
 T - 3 large rocks (quivered)
Armour
 z - a +0 shield of fire resistance (worn)
 J - a +0 hat (worn)
 P - a +0 troll leather armour (worn)
Jewellery
 w - an amulet of rage (around neck)
 L - a ring of positive energy (left claw)
 U - a +1 ring of protection (right claw)
Wands
 i - a wand of acid (10/15)
 M - a wand of teleportation (4/9)
 N - a wand of disintegration (18/24)
 W - a wand of teleportation (6/9)
 Y - a wand of flame (13/48)
 Z - a wand of digging (13/24)
Scrolls
 e - 3 scrolls of enchant armour
 g - 15 scrolls of remove curse
 m - a scroll of recharging {unknown}
 q - 3 scrolls of identify
 r - a scroll of noise {unknown}
 s - 4 scrolls of teleportation
 v - 3 scrolls of fear
 x - 2 scrolls of enchant weapon
 y - 3 scrolls of blinking
 B - 3 scrolls of fog {unknown}
 F - 3 scrolls of magic mapping {unknown}
 G - 3 scrolls of brand weapon {unknown}
Potions
 b - a potion of invisibility
 n - 4 potions of flight
 u - a potion of resistance
 D - 4 potions of curing
 I - a potion of berserk rage {unknown}
 K - a potion of might {unknown}
 O - a potion of mutation {unknown}
 R - a potion of lignification {unknown}
 V - a potion of brilliance {unknown}
 X - 3 potions of haste
Books
 c - a book of Party Tricks

   Spells                             Type                      Level
   a - Summon Butterflies             Summoning                    1
   b - Apportation                    Translocation                1
   c - Tukima's Dance                 Hexes                        3
   d - Alistair's Intoxication        Transmutation/Poison         5
   e - Invisibility                   Hexes                        6
 S - a book of the Sky

   Spells                             Type                      Level
   a - Summon Lightning Spire         Summoning/Air                4
   b - Airstrike                      Air                          4
   c - Silence                        Hexes/Air                    5
   d - Deflect Missiles               Charms/Air                   6
   e - Conjure Ball Lightning         Conjuration/Air              6
   f - Tornado                        Air                          9
Miscellaneous
 A - a phial of floods
Comestibles
 a - a chunk of flesh
 f - 10 bread rations
 h - 7 meat rations
 j - 2 royal jellies
 p - 8 slices of pizza
 H - 2 fruits


   Skills:
 + Level 8.8 Fighting
 - Level 3.6 Throwing
 + Level 3.4 Dodging
 - Level 0.4 Stealth
 + Level 12.5 Shields
 - Level 9.3 Unarmed Combat


You had 11 spell levels left.
You didn't know any spells.

Dungeon Overview and Level Annotations

Branches:
Dungeon (11/15)            Temple (0/1) D:6            Lair (5/6) D:11
  Swamp (0/4) Lair:4       Spider (0/4) Lair:3
  Slime: Lair:5-6       Orc: D:9-12

Altars:
Gozag
Hepliaklqana
Nemelex Xobeh
Okawaru
Sif Muna
Vehumet
Xom

Shops:
D:6 }

Annotations:
Lair:5 Kirke


Innate Abilities, Weirdness & Mutations

You are too large for most types of armour.
You have claws for hands.
Your metabolism is lightning-fast.
You like to eat raw meat.
You heal very quickly.
You are covered in fur. (AC +1)
You have very tough skin. (AC +2)


Message History

* * * LOW HITPOINT WARNING * * *
The sphinx hits you but does no damage. x2; You block Kirke's attack.
As you read the scroll of teleportation, it crumbles to dust.
You feel strangely unstable. The harpy misses you. The harpy claws you!
* * * LOW HITPOINT WARNING * * *
The harpy barely misses you. You block the harpy's attack.
The sphinx casts a spell.
Something smites you!
* * * LOW HITPOINT WARNING * * *
Kirke barely misses you.
You feel much better. The harpy claws you!
* * * LOW HITPOINT WARNING * * *
The harpy claws you.
* * * LOW HITPOINT WARNING * * *
The sphinx hits you!
* * * LOW HITPOINT WARNING * * *
You block the sphinx's attack. The sphinx hits you.
* * * LOW HITPOINT WARNING * * *
The hog barely misses you. Kirke hits you.
You die...

#....[......
##.................
##P.........#......
#..............#...
#..................
##.................
##................
##......HH.."...#
#.....hh@# ...
#.....h@H####...
#..P.#.hhh......
#...#...........
##..........P..#
#...#..#.......#
#######.†P......
#..P......
#...P....#


You could see Kirke, a sphinx, 2 harpies and 6 hogs.

Vanquished Creatures
  Gastronok (D:8)
  A hydra (Lair:3)
  2 black mambas (Lair:1)
  A spiny frog (Lair:1)
  2 komodo dragons (Lair:1)
  A rime drake (Lair:3)
  4 blink frogs (Lair:2)
  7 yaks
  A redback (Lair:3)
  2 hungry ghosts (D:7)
  2 hippogriffs
  3 swamp worms (Lair:4)
  A water moccasin (Lair:1)
  14 porcupines
  An orc warrior (D:8)
  A black bear (D:6)
  A sky beast (D:6)
  A phantom (D:10)
  3 ogres
  2 ice beasts
  4 wolves
  4 centaurs
  2 crocodiles
  3 big kobolds
  8 giant frogs
  A gnoll sergeant (D:7)
  A scorpion (D:6)
  4 wights
  3 howler monkeys
  An electric eel (Lair:4)
  2 crimson imps
  A centaur zombie (D:9)
  A centaur skeleton (D:5)
  4 hounds
  2 jellies (D:7)
  5 orc priests
  8 orc wizards
  2 hell rats (Lair:2)
  3 iguanas
  8 worker ants
  7 sheep
  2 hound skeletons
  13 gnolls
  2 howler monkey skeletons
  9 river rats
  11 adders
  A shadow imp (D:11)
  An ancestor (D:5)
  3 oozes
  2 adder skeletons
  3 worms
  3 dart slugs
  5 giant geckos
  7 orcs
  9 giant cockroaches
  7 goblins
  11 hobgoblins
  7 jackals
  2 quokkas
  16 bats
  A giant gecko zombie (D:6)
  2 giant newts
  11 kobolds
  19 rats
272 creatures vanquished.

Vanquished Creatures (collateral kills)
  A black mamba (Lair:4)
  3 spiny frogs
  A rime drake (Lair:2)
  2 komodo dragons (Lair:1)
  A troll (D:10)
  A blink frog (Lair:2)
  10 yaks
  A hog (Lair:5)
  A human (D:9)
  A hippogriff (D:8)
  Grum (D:8)
  A swamp worm (Lair:4)
  4 water moccasins
  4 porcupines
  2 orc warriors (D:11)
  A sky beast (D:5)
  A wasp (Lair:4)
  2 ogres
  A phantom (D:8)
  The ghost of eragonby the Skirmisher, an amateur DsMo (D:5)
  An eye of draining (D:9)
  5 wolves
  A crocodile (Lair:1)
  A gnoll sergeant (D:9)
  2 giant frogs
  2 scorpions
  3 wights (D:8)
  A crimson imp (D:8)
  A centaur zombie (D:6)
  2 hounds
  2 orc wizards (D:7)
  2 jellies (D:9)
  2 iguanas (Lair:1)
  2 hell rats (Lair:2)
  3 worker ants
  A killer bee zombie (D:9)
  2 sheep
  3 gnolls
  An adder (D:10)
  2 river rats
  2 adder zombies
  A giant gecko (D:10)
  6 orcs
  2 giant cockroaches
  3 jackals
  9 kobolds
  4 bats (D:11)
  5 rats
  2 fungi (D:11)
113 creatures vanquished.

Vanquished Creatures (others)
  4 battlemagi
  4 ancestors
  A plant (Lair:5)
9 creatures vanquished.

Grand Total: 394 creatures vanquished

Notes
Turn   | Place    | Note
-------+----------+-------------------------------------------
     0 | D:1      | hairmachine the Troll Hunter began the quest for the Orb.
     0 | D:1      | Reached XP level 1. HP: 19/19 MP: 0/0
   244 | D:1      | Reached skill level 1 in Unarmed Combat
   244 | D:1      | Reached XP level 2. HP: 27/27 MP: 1/1
   583 | D:1      | Reached XP level 3. HP: 33/33 MP: 2/2
  1138 | D:2      | Found a deep blue altar of Sif Muna.
  1367 | D:2      | Reached XP level 4. HP: 41/41 MP: 3/3
  1454 | D:2      | Found an opulent altar of Gozag.
  1992 | D:3      | Reached XP level 5. HP: 48/48 MP: 4/4
  2163 | D:3      | Reached skill level 5 in Unarmed Combat
  2677 | D:4      | Reached skill level 1 in Shields
  2696 | D:4      | Found an iron altar of Okawaru.
  2697 | D:4      | Found a hazy altar of Hepliaklqana.
  2701 | D:4      | Became a worshipper of Hepliaklqana
  2819 | D:4      | Reached skill level 2 in Shields
  2819 | D:4      | Reached XP level 6. HP: 55/55 MP: 5/5
  3100 | D:5      | Entered Level 5 of the Dungeon
  3137 | D:5      | Reached skill level 3 in Shields
  3199 | D:5      | Noticed eragonby's ghost (amateur DsMo)
  3225 | D:5      | Killed eragonby's ghost
  3225 | D:5      | Reached skill level 4 in Shields
  3387 | D:5      | Noticed a sky beast
  3396 | D:5      | Killed a sky beast
  3396 | D:5      | Reached XP level 7. HP: 65/65 MP: 6/6
  3758 | D:5      | Found a sparkling altar of Nemelex Xobeh.
  3804 | D:5      | Found a glowing drain.
  3815 | Sewer    | Entered a sewer
  3903 | Sewer    | Reached * piety under Hepliaklqana
  3905 | Sewer    | Found a white marble altar of Elyvilon.
  4036 | D:5      | Reached skill level 5 in Shields
  4127 | D:5      | Found a shimmering altar of Xom.
  4211 | D:6      | Reached XP level 8. HP: 63/75 MP: 7/7
  4279 | D:6      | Found a staircase to the Ecumenical Temple.
  4543 | D:6      | Reached skill level 6 in Shields
  4628 | D:6      | Reached skill level 5 in Fighting
  4723 | D:6      | Found Jyalec's Gadget Shoppe.
  5101 | D:7      | Reached XP level 9. HP: 72/88 MP: 8/8
  5137 | D:7      | Reached skill level 7 in Shields
  5611 | D:8      | Reached ** piety under Hepliaklqana
  5612 | D:8      | Remembered your ancestor Hrodulf as a battlemage
  5624 | D:8      | Noticed Grum
  5627 | D:8      | Reached skill level 8 in Shields
  5638 | D:8      | Killed Grum
  6093 | D:8      | Reached skill level 9 in Shields
  6093 | D:8      | Reached XP level 10. HP: 96/96 MP: 9/9
  6295 | D:8      | Noticed Gastronok
  6306 | D:8      | Killed Gastronok
  6937 | D:9      | Reached skill level 10 in Shields
  7063 | D:9      | Reached *** piety under Hepliaklqana
  7073 | D:9      | Found a radiant altar of Vehumet.
  7236 | D:9      | Found a sparkling altar of Nemelex Xobeh.
  7566 | D:10     | Entered Level 10 of the Dungeon
  7843 | D:10     | Reached **** piety under Hepliaklqana
  8395 | D:11     | Reached XP level 11. HP: 90/104 MP: 10/10
  8490 | D:11     | Found a staircase to the Lair.
  8525 | Lair:1   | Entered Level 1 of the Lair of Beasts
  8608 | Lair:1   | Reached skill level 11 in Shields
  9603 | Lair:1   | Reached ***** piety under Hepliaklqana
  9707 | Lair:2   | Found a hazy altar of Hepliaklqana.
 10158 | Lair:2   | Reached skill level 12 in Shields
 10649 | Lair:3   | Reached XP level 12. HP: 119/119 MP: 11/11
 10821 | Lair:3   | Noticed an eight-headed hydra
 10829 | Lair:3   | Killed an eight-headed hydra
 11053 | Lair:3   | Found a hole to the Spider Nest.
 12028 | Lair:4   | Reached ****** piety under Hepliaklqana
 12264 | Lair:4   | Found a staircase to the Swamp.
 12628 | Lair:5   | Noticed Kirke
 12630 | Lair:5   | Noticed a sphinx
 12653 | Lair:5   | HP: 3/122 [sphinx[Kirke] (5)]
 12653 | Lair:5   | Slain by Kirke

Vault maps used:
D:1:      zelgadis_glass_arrival_large, kennysheep_decorative_pillar
D:2:      nicolae_gozag_cash_rules_everything_around_me, first_bread,
          lemuel_blue_sif_altar
D:4:      gammafunk_temple_overflow_statue
D:5:      kennysheep_mini, marbit_many_paths, portal_sewer_entry_d,
          kennysheep_small_spiral, minivault_11
D:6:      serial_shops, shop
D:7:      kennysheep_spiral_hall, minmay_unpleasant_kobolds
D:8:      kennysheep_generic_room_11, uniq_gastronok, uniq_grum
D:9:      fiery_altar_vehumet, grunt_livestock, nemelex_spade_bored_becter
D:11:     grunt_lair_entry_orc_guard_hut, zombieorc1_lemuel, uniq_psyche
Lair:1:   beast_lair_carwin_large_2, minivault_19,
          grunt_forest_small_clearing_treed
Lair:2:   basic_altar
Lair:3:   spider_nest_entry_webs, beast_lair_carwin_7, grunt_megastairs_4
Lair:4:   nicolae_swamp_entry_splash_gauntlet
Lair:5:   minmay_slime_entry_oklob_enclosed, grunt_megastairs_3, uniq_kirke
Sewer:    sewer_kobolds

Skill      XL: |  1  2  3  4  5  6  7  8  9 10 11 12 |
---------------+-------------------------------------+-----
Unarmed Combat | 1 2 3 4 5 7 9 |  9.3
Shields        | 2 4 5 6 9 10 12 | 12.5
Fighting       | 2 3 5 8 |  8.8
Dodging        | 3 |  3.4
Throwing       | |  3.6
Stealth        | |  0.4

Action                   |  1- 3 |  4- 6 |  7- 9 | 10-12 || total
-------------------------+-------+-------+-------+-------++-------
Melee: Unarmed           |    94 |   176 |   303 |   452 ||  1025
       Punch             |     3 |     1 |       |       ||     4
Throw: Large rock        |     3 |     4 |    13 |    15 ||    35
Invok: Ancestor Life: Ba |       |       |     1 |       ||     1
       Ancestor Identity |       |       |     1 |       ||     1
       Recall Ancestor   |       |       |       |     1 ||     1
 Abil: Evoke Berserk Rag |       |       |       |     1 ||     1
Evoke: Wand              |       |       |       |     3 ||     3
  Use: Scroll            |       |     2 |       |    18 ||    20
       Potion            |       |     4 |     1 |     3 ||     8
 Stab: Distracted        |       |       |     4 |    13 ||    17
       Sleeping          |       |       |     1 |       ||     1
  Eat: Chunk             |    16 |    21 |    37 |    53 ||   127
       Beef jerky        |       |       |       |     5 ||     5
Armor: Robe              |    29 |    72 |    72 |     2 ||   175
       Troll leather arm |       |       |       |    64 ||    64
Dodge: Dodged            |    60 |    62 |    75 |   131 ||   328
Block: Shield            |       |    31 |   124 |   215 ||   370
